Demolitions vs Carnivores
(R1)
Created - January 23, 2019 at 19:40
Goals
|
| Demolitions |
2 |
2 |
2 |
0 |
0 |
6 |
| Carnivores |
3 |
1 |
2 |
0 |
1 |
7 |
|
Shots
|
| Demolitions |
13 |
11 |
11 |
0 |
3 |
35 |
| Carnivores |
12 |
15 |
11 |
0 |
2 |
38 |
|
1st period
1. Carnivores , Nicolas Kerdiles 14 (Anton Gustafsson 4, Blake Geoffrion 29) at 2:19
2. Demolitions , Corban Knight 15 (Brandon McMillan 13, Dennis Everberg 9) at 10:43
3. Carnivores , Jeremy Williams 23 (Blake Geoffrion 30, Anton Gustafsson 5) at 11:01
4. Demolitions , Spencer Machacek 23 (Michael Latta 33, Dmitri Orlov 10) at 15:48
5. Carnivores , Blake Geoffrion 31 (Nicolas Kerdiles 9, Mat Clark 12) at 18:58
Penalties :
Mat Clark (Bre) for Slashing (Minor) at 0:07
2nd period
6. Carnivores , Blake Geoffrion 32 (Nate Schmidt 24, Frederik Gauthier 2) at 1:43
7. Demolitions , Joel Vermin 4 (Jonathan Blum 22, Alex Hutchings 1) at 16:51
8. Demolitions , Erik Cole 22 (Spencer Machacek 16, Jonathan Blum 23) at 17:13
Penalties :
No Penalty
3rd period
9. Carnivores , Mark McNeill 8 (Zack Smith 13) at 1:31
10. Carnivores , Blake Geoffrion 33 (Jeremy Williams 12, Anton Gustafsson 6) at 11:59 (PP)
11. Demolitions , Cameron Schilling 8 (Dennis Everberg 10, Corban Knight 25) at 13:16
12. Demolitions , Spencer Machacek 24 (Michael Latta 34, Jonathan Blum 24) at 19:46
Penalties :
Jeremy Williams (Bre) for Hooking (Minor) at 4:25, Phil McRae (Vic) for Hooking (Minor) at 11:45, Seth Helgeson (Vic) for Roughing (Minor) at 13:40
Overtime #1
No Goal
Penalties :
No Penalty
Shootout
Demolitions, Erik Cole - Stopped by Antti Raanta
Carnivores, Blake Geoffrion - Goal!
Demolitions, Spencer Machacek - Stopped by Antti Raanta
Carnivores, Anton Gustafsson - Stopped by Connor Hellebyuk
Demolitions, Michael Latta - Shot Misses the Net
Penalties :
No Penalty
Goalie Stats
Connor Hellebyuk (Vic), 23 saves from 25 shots - (0.920), OTL, 12-9-2, 42:40 minutes
Karri Ramo (Vic), 9 saves from 13 shots - (0.692), 21:43 minutes
Antti Raanta (Bre), 29 saves from 35 shots - (0.829), W, 5-10-2, 65:00 minutes
Players Stats for Demolitions
Player Name G A P +/- PIM S H SB GA TA FO MP PP MP PK MP
------------------------------------------------------------------------------------
Aaron Palushaj 0 0 0 -2 0 2 1 0 0 0 0/1 9:26 0:00 0:00
Alex Hutchings 0 1 1 1 0 0 2 0 0 0 0/0 7:46 0:00 0:37
Andrej Nestrasil 0 0 0 1 0 1 0 0 0 0 2/4 6:39 0:00 0:00
Billy Sweat 0 0 0 -2 0 0 0 0 0 0 0/0 11:39 0:03 0:00
Brandon McMillan 0 1 1 1 0 0 1 1 1 1 0/0 15:30 1:52 0:00
Cameron Schilling 1 0 1 1 0 3 1 0 0 0 0/0 20:52 1:33 0:45
Corban Knight 1 1 2 1 0 2 2 0 1 0 6/15 16:49 1:52 0:16
Dennis Everberg 0 2 2 1 0 4 3 0 1 0 0/1 15:30 1:52 0:00
Derek Forbort 0 0 0 -1 0 0 2 2 0 1 0/0 11:32 0:00 1:14
Dmitri Orlov 0 1 1 1 0 1 0 0 0 0 0/0 20:52 1:33 0:45
Erik Cole 1 0 1 1 0 4 7 0 0 1 1/4 28:28 2:03 1:20
Joel Vermin 1 0 1 1 0 3 3 0 1 0 0/0 7:21 0:03 0:00
Jonathan Blum 0 3 3 1 0 3 1 2 0 1 0/0 33:50 2:25 1:28
Michael Latta 0 2 2 1 0 2 1 0 0 1 22/46 26:36 2:03 0:16
Nick Shore 0 0 0 0 0 0 0 0 0 0 2/2 2:23 0:03 0:00
Phil McRae 0 0 0 -2 2 2 0 0 1 2 1/4 11:18 0:00 0:37
Seth Helgeson 0 0 0 1 2 2 3 4 1 0 0/0 32:35 2:25 0:14
Spencer Machacek 2 1 3 1 0 6 3 1 1 0 2/3 28:21 2:03 1:20
Taylor Aronson 0 0 0 -1 0 0 1 1 0 0 0/0 10:18 0:00 0:00
Players Stats for Carnivores
Player Name G A P +/- PIM S H SB GA TA FO MP PP MP PK MP
------------------------------------------------------------------------------------
Adam Almquist 0 0 0 1 0 0 0 0 0 0 0/0 4:25 0:00 0:00
Anton Gustafsson 0 3 3 -1 0 2 3 0 1 0 24/44 24:43 1:18 2:13
Blake Geoffrion 3 2 5 0 0 11 2 0 1 0 2/5 28:35 1:18 2:13
Curtis Lazar 0 0 0 0 0 0 0 0 0 0 1/1 2:38 0:00 0:00
David Schlemko 0 0 0 -1 0 0 1 0 0 1 0/0 13:39 0:00 0:00
Frederik Gauthier 0 1 1 1 0 0 0 0 0 0 2/4 5:08 0:00 0:00
Hunter Shinkaruk 0 0 0 1 0 1 0 0 0 0 0/1 5:47 0:00 0:00
Jeremy Welsh 0 0 0 -1 0 2 3 1 1 0 0/1 16:54 0:55 0:00
Jeremy Williams 1 1 2 -1 2 4 0 2 0 2 2/4 22:20 1:18 0:46
Josh Manson 0 0 0 0 0 0 0 0 0 0 0/0 21:13 0:47 1:43
Mark MacMillan 0 0 0 0 0 1 1 0 0 0 0/0 13:20 0:00 0:00
Mark McNeill 1 0 1 -1 0 2 1 0 0 0 0/1 16:54 0:55 0:00
Markus Granlund 0 0 0 0 0 2 0 1 1 0 3/4 15:25 0:00 0:39
Mat Clark 0 1 1 -2 2 1 2 1 0 0 0/0 24:39 1:26 1:17
Mattias Backman 0 0 0 0 0 0 1 0 0 1 0/0 14:49 0:00 0:58
Nate Schmidt 0 1 1 0 0 3 4 4 0 0 0/0 30:08 1:26 2:15
Nicolas Kerdiles 1 1 2 0 0 3 0 1 1 0 0/0 14:57 0:00 0:45
Sasha Pokulok 0 0 0 0 0 1 0 1 1 3 0/0 21:13 0:47 1:43
Zack Smith 0 1 1 -1 0 5 2 0 1 0 10/15 19:13 0:55 1:20
3 Stars
1 - Blake Geoffrion (Bre)
2 - Spencer Machacek (Vic)
3 - Erik Cole (Vic)
Power Play
Demolitions - 0 on 2 Attempt(s) - 0.00%
Carnivores - 1 on 2 Attempt(s) - 50.00%
Penalty Kill
Demolitions - 1 on 2 Attempt(s) - 50.00%
- Score 0 goal in Penalty Kill
Carnivores - 2 on 2 Attempt(s) - 100.00%
- Score 0 goal in Penalty Kill
Team Stat
Demolitions - Hits : 31 - Faceoff Wins : 36 - Blocked Shots : 11 - Penalty Minutes : 4
Carnivores - Hits : 20 - Faceoff Wins : 44 - Blocked Shots : 11 - Penalty Minutes : 4
Official
Referees : Unknown
Linesman : Unknown
Game Notes
10:43 of 1st period - Demolitions goal is going for a video replay. After video review, Goal.
11:01 of 1st period - Carnivores goal is going for a video replay. After video review, Goal.
Connor Hellebyuk enters game at 1:43 of 2nd period
Blake Geoffrion has scored a Hat Trick!
Finance
Level 1 -- Attendance: 1402 (70.10%) -- Ticket Income $56,080
Level 2 -- Attendance: 718 (71.80%) -- Ticket Income $14,360
Total Attendance: 2120 (70.67%)
Total Ticket Income: $70,440
Other Income: $3,522
Total Income: $73,962
Demolitions
5 vs 5 Forward
Center Left Wing Right Wing Time % Phy DF OF
1 Michael Latta Erik Cole Spencer Machacek 61 0 0 5
2 Corban Knight Brandon McMillan Dennis Everberg 25 1 2 2
3 Phil McRae Billy Sweat Aaron Palushaj 10 1 2 2
4 Andrej Nestrasil Alex Hutchings Joel Vermin 4 1 2 2
5 vs 5 Defense
Defense Defense Time % Phy DF OF
1 Jonathan Blum Seth Helgeson 62 0 0 5
2 Cameron Schilling Dmitri Orlov 24 1 2 2
3 Taylor Aronson Derek Forbort 10 1 2 2
4 Jonathan Blum Seth Helgeson 4 1 2 2
PowerPlay Forward
Center Left Wing Right Wing Time % Phy DF OF
1 Michael Latta Erik Cole Spencer Machacek 60 0 0 5
2 Corban Knight Brandon McMillan Dennis Everberg 40 0 0 5
PowerPlay Defense
Defense Defense Time % Phy DF OF
1 Jonathan Blum Seth Helgeson 60 0 0 5
2 Cameron Schilling Dmitri Orlov 40 0 0 5
Penalty Kill 4 Players Forward
Center Wing Time % Phy DF OF
1 Erik Cole Spencer Machacek 60 1 2 2
2 Michael Latta Corban Knight 40 1 2 2
Penalty Kill 4 Players Defense
Defense Defense Time % Phy DF OF
1 Jonathan Blum Seth Helgeson 60 1 2 2
2 Cameron Schilling Dmitri Orlov 40 1 2 2
Penalty Kill - 3 Players Forward
Forward Time % Phy DF OF
1 Erik Cole 60 1 2 2
2 Spencer Machacek 40 1 2 2
Penalty Kill - 3 Players Defense
Defense Defense Time % Phy DF OF
1 Jonathan Blum Seth Helgeson 60 1 2 2
2 Cameron Schilling Dmitri Orlov 40 1 2 2
4 vs 4 Forward
Center Wing Time % Phy DF OF
1 Erik Cole Spencer Machacek 60 1 2 2
2 Michael Latta Corban Knight 40 1 2 2
4 vs 4 Defense
Defense Defense Time % Phy DF OF
1 Jonathan Blum Seth Helgeson 60 1 2 2
2 Cameron Schilling Dmitri Orlov 40 1 2 2
Last Minutes Offensive
Center Left Wing Right Wing Defense Defense
Michael Latta Erik Cole Spencer Machacek Jonathan Blum Seth Helgeson
Last Minutes Defensive
Center Left Wing Right Wing Defense Defense
Michael Latta Erik Cole Spencer Machacek Jonathan Blum Seth Helgeson
Goaltenders
Starting : Karri Ramo
Backup : Connor Hellebyuk
Extra Forwards
Normal : Nick Shore, Billy Sweat, Phil McRae - PP : Nick Shore, Billy Sweat - PK : Phil McRae
Extra Defensemen
Normal : Taylor Aronson, Derek Forbort, Cameron Schilling - PP : Taylor Aronson - PK : Derek Forbort, Cameron Schilling
Penalty Shots
Erik Cole, Spencer Machacek, Michael Latta, Corban Knight, Brandon McMillan
Scratches
Ryan Olsen (Healthy), Thomas DiPauli (Healthy), JC Lipon (Healthy), Robert Bortuzzo (Healthy), Taylor Leier (Healthy)
Colton Sceviour (Healthy), Nick Pryor (Healthy), Jake Paterson (Healthy)
Carnivores
5 vs 5 Forward
Center Left Wing Right Wing Time % Phy DF OF
1 Anton Gustafsson Blake Geoffrion Jeremy Williams 40 1 2 2
2 Zack Smith Jeremy Welsh Mark McNeill 30 1 2 2
3 Markus Granlund Nicolas Kerdiles Mark MacMillan 20 1 2 2
4 Frederik Gauthier Hunter Shinkaruk Blake Geoffrion 10 1 2 2
5 vs 5 Defense
Defense Defense Time % Phy DF OF
1 Nate Schmidt Mat Clark 40 1 2 2
2 Sasha Pokulok Josh Manson 30 1 2 2
3 David Schlemko Mattias Backman 20 1 2 2
4 Adam Almquist Nate Schmidt 10 1 2 2
PowerPlay Forward
Center Left Wing Right Wing Time % Phy DF OF
1 Anton Gustafsson Blake Geoffrion Jeremy Williams 60 1 2 2
2 Zack Smith Jeremy Welsh Mark McNeill 40 1 2 2
PowerPlay Defense
Defense Defense Time % Phy DF OF
1 Nate Schmidt Mat Clark 60 1 2 2
2 Sasha Pokulok Josh Manson 40 1 2 2
Penalty Kill 4 Players Forward
Center Wing Time % Phy DF OF
1 Blake Geoffrion Anton Gustafsson 60 1 2 2
2 Jeremy Williams Zack Smith 40 1 2 2
Penalty Kill 4 Players Defense
Defense Defense Time % Phy DF OF
1 Nate Schmidt Mat Clark 60 1 2 2
2 Sasha Pokulok Josh Manson 40 1 2 2
Penalty Kill - 3 Players Forward
Forward Time % Phy DF OF
1 Blake Geoffrion 60 1 2 2
2 Anton Gustafsson 40 1 2 2
Penalty Kill - 3 Players Defense
Defense Defense Time % Phy DF OF
1 Nate Schmidt Mat Clark 60 1 2 2
2 Sasha Pokulok Josh Manson 40 1 2 2
4 vs 4 Forward
Center Wing Time % Phy DF OF
1 Blake Geoffrion Anton Gustafsson 60 1 2 2
2 Jeremy Williams Zack Smith 40 1 2 2
4 vs 4 Defense
Defense Defense Time % Phy DF OF
1 Nate Schmidt Mat Clark 60 1 2 2
2 Sasha Pokulok Josh Manson 40 1 2 2
Last Minutes Offensive
Center Left Wing Right Wing Defense Defense
Anton Gustafsson Blake Geoffrion Jeremy Williams Nate Schmidt Mat Clark
Last Minutes Defensive
Center Left Wing Right Wing Defense Defense
Anton Gustafsson Blake Geoffrion Jeremy Williams Nate Schmidt Mat Clark
Goaltenders
Starting : Antti Raanta
Backup : Tristan Jarry
Extra Forwards
Normal : Curtis Lazar, Markus Granlund, Nicolas Kerdiles - PP : Curtis Lazar, Markus Granlund - PK : Nicolas Kerdiles
Extra Defensemen
Normal : David Schlemko, Mattias Backman, Adam Almquist - PP : David Schlemko - PK : Mattias Backman, Adam Almquist
Penalty Shots
Blake Geoffrion, Anton Gustafsson, Jeremy Williams, Zack Smith, Jeremy Welsh
Scratches
Chris Lawrence (Healthy), Connor Clifton (Healthy), Stanislav Galiev (Healthy), Tyler Graovac (Healthy), Troy Bourke (Healthy)
Alexandre Mallet (Healthy), Michael Schumacher (Healthy), T.J Brodie (Sprained Right Knee Injury), Niklas Svedberg (Healthy)
% Time on Ice - Demolitions
Lines # - Real PCT - Wanted PCT - Time Play
Normal Forward
1 - 43% - 61% - 22:27
2 - 27% - 25% - 14:17
3 - 18% - 10% - 9:26
4 - 13% - 4% - 6:39
Normal Defense
1 - 51% - 62% - 26:42
2 - 32% - 24% - 16:55
3 - 17% - 10% - 9:12
4 - 0% - 4% - 0:00
PP Forward
1 - 52% - 60% - 2:03
2 - 48% - 40% - 1:55
PP Defense
1 - 61% - 60% - 2:25
2 - 39% - 40% - 1:33
PK Forward
1 - 88% - 60% - 1:57
2 - 12% - 40% - 0:16
PK Defense
1 - 66% - 60% - 1:28
2 - 34% - 40% - 0:45
PK3 Forward
1 - 0% - 60%
2 - 0% - 40%
PK3 Defense
1 - 0% - 60%
2 - 0% - 40%
44 Forward
1 - 79% - 60% - 3:57
2 - 21% - 40% - 1:03
44 Defense
1 - 57% - 60% - 2:51
2 - 43% - 40% - 2:09
Last Minute Offensive - 1:00
Last Minute Defensive - 0:00
Total
Forward - 65:00
Defense - 65:00
|
% Time on Ice - Carnivores
Lines # - Real PCT - Wanted PCT - Time Play
Normal Forward
1 - 35% - 40% - 18:25
2 - 30% - 30% - 15:59
3 - 25% - 20% - 13:20
4 - 10% - 10% - 5:08
Normal Defense
1 - 37% - 40% - 19:38
2 - 32% - 30% - 16:45
3 - 23% - 20% - 12:04
4 - 8% - 10% - 4:25
PP Forward
1 - 59% - 60% - 1:18
2 - 41% - 40% - 0:55
PP Defense
1 - 65% - 60% - 1:26
2 - 35% - 40% - 0:47
PK Forward
1 - 66% - 60% - 2:38
2 - 34% - 40% - 1:20
PK Defense
1 - 57% - 60% - 2:15
2 - 43% - 40% - 1:43
PK3 Forward
1 - 0% - 60%
2 - 0% - 40%
PK3 Defense
1 - 0% - 60%
2 - 0% - 40%
44 Forward
1 - 79% - 60% - 3:58
2 - 21% - 40% - 1:02
44 Defense
1 - 57% - 60% - 2:51
2 - 43% - 40% - 2:09
Last Minute Offensive - 0:00
Last Minute Defensive - 0:57
Total
Forward - 65:00
Defense - 65:00
|
Play-by-Play
1st period
0:01 of 1st period - Michael Latta wins face-off versus Anton Gustafsson in neutral zone.
0:04 of 1st period - Wrist shot by Spencer Machacek.
0:04 of 1st period - Stopped by Antti Raanta without a rebound.
0:05 of 1st period - Michael Latta wins face-off versus Anton Gustafsson in Carnivores zone.
0:07 of 1st period - Minor Penalty to Mat Clark for Slashing.
0:08 of 1st period - Michael Latta wins face-off versus Blake Geoffrion in Carnivores zone.
0:14 of 1st period - Snap shot by Spencer Machacek.
0:14 of 1st period - Deflect By Erik Cole.
0:14 of 1st period - Shot Misses the Net.
0:14 of 1st period - Puck is out of play.
0:15 of 1st period - Michael Latta wins face-off versus Blake Geoffrion in Carnivores zone.
0:29 of 1st period - Snap shot by Erik Cole.
0:29 of 1st period - Stopped by Antti Raanta without a rebound.
0:30 of 1st period - Corban Knight wins face-off versus Jeremy Williams in Carnivores zone.
0:33 of 1st period - Wrist shot by Brandon McMillan.
0:33 of 1st period - Deflect By Corban Knight.
0:33 of 1st period - Shot Blocked by Sasha Pokulok.
0:33 of 1st period - Puck is out of play.
0:34 of 1st period - Corban Knight wins face-off versus Jeremy Williams in Carnivores zone.
1:07 of 1st period - Backhand shot by Spencer Machacek.
1:07 of 1st period - Stopped by Antti Raanta with a rebound.
2:05 of 1st period - Blake Geoffrion is hit by Cameron Schilling and loses puck.
2:07 of 1st period - Penalty to Mat Clark is over, Mat Clark is back on ice.
2:13 of 1st period - Icing by Mattias Backman.
2:14 of 1st period - Blake Geoffrion wins face-off versus Phil McRae in Carnivores zone.
2:19 of 1st period - Backhand shot by Nicolas Kerdiles.
2:19 of 1st period - Goal by Nicolas Kerdiles - Demolitions : 0 - Carnivores : 1.
2:20 of 1st period - Spencer Machacek wins face-off versus Zack Smith in neutral zone.
2:27 of 1st period - Snap shot by Michael Latta.
2:27 of 1st period - Stopped by Antti Raanta without a rebound.
2:28 of 1st period - Zack Smith wins face-off versus Michael Latta in Carnivores zone.
3:19 of 1st period - Slapshot by Cameron Schilling.
3:19 of 1st period - Stopped by Antti Raanta with a rebound.
3:33 of 1st period - Nicolas Kerdiles is hit by Joel Vermin and loses puck.
3:40 of 1st period - Wrist shot by Mat Clark.
3:40 of 1st period - Shot Misses the Net.
3:42 of 1st period - Snap shot by Nate Schmidt.
3:42 of 1st period - Shot Misses the Net.
3:44 of 1st period - Backhand shot by Mat Clark.
3:44 of 1st period - Stopped by Karri Ramo without a rebound.
3:45 of 1st period - Michael Latta wins face-off versus Anton Gustafsson in Demolitions zone.
3:52 of 1st period - Snap shot by Jeremy Williams.
3:52 of 1st period - Shot Misses the Net.
3:54 of 1st period - Snap shot by Jeremy Williams.
3:54 of 1st period - Shot Misses the Net.
3:56 of 1st period - Wrist shot by Jeremy Williams.
3:56 of 1st period - Shot Blocked by Seth Helgeson.
3:58 of 1st period - Slapshot by Nate Schmidt.
3:58 of 1st period - Shot Blocked by Jonathan Blum.
4:00 of 1st period - Slapshot by Nate Schmidt.
4:00 of 1st period - Shot Blocked by Jonathan Blum.
4:37 of 1st period - Derek Forbort is hit by Mattias Backman and loses puck.
5:19 of 1st period - Slapshot by Spencer Machacek.
5:19 of 1st period - Shot Misses the Net.
6:15 of 1st period - Slapshot by Markus Granlund.
6:15 of 1st period - Stopped by Karri Ramo without a rebound.
6:16 of 1st period - Anton Gustafsson wins face-off versus Michael Latta in Demolitions zone.
6:41 of 1st period - Nate Schmidt is hit by Seth Helgeson and loses puck.
6:46 of 1st period - Snap shot by Dennis Everberg.
6:46 of 1st period - Shot Blocked by Mat Clark.
6:48 of 1st period - Snap shot by Brandon McMillan.
6:48 of 1st period - Shot Misses the Net.
6:50 of 1st period - Backhand shot by Cameron Schilling.
6:50 of 1st period - Deflect By Nate Schmidt.
6:50 of 1st period - Stopped by Antti Raanta without a rebound.
6:51 of 1st period - Anton Gustafsson wins face-off versus Spencer Machacek in Carnivores zone.
6:51 of 1st period - Anton Gustafsson is hit by Erik Cole.
7:42 of 1st period - Nate Schmidt is hit by Alex Hutchings and loses puck.
8:36 of 1st period - Snap shot by Blake Geoffrion.
8:36 of 1st period - Shot Misses the Net.
8:52 of 1st period - Nate Schmidt is hit by Derek Forbort and loses puck.
9:05 of 1st period - Michael Latta is hit by Nate Schmidt and loses puck.
10:05 of 1st period - Off-side.
10:06 of 1st period - Anton Gustafsson wins face-off versus Michael Latta in neutral zone.
10:12 of 1st period - Off-side.
10:13 of 1st period - Curtis Lazar wins face-off versus Michael Latta in neutral zone.
10:18 of 1st period - Anton Gustafsson is hit by Michael Latta and loses puck.
10:41 of 1st period - Backhand shot by Dennis Everberg.
10:41 of 1st period - Shot Misses the Net.
10:43 of 1st period - Snap shot by Brandon McMillan.
10:43 of 1st period - Deflect By Corban Knight.
10:43 of 1st period - Demolitions goal is going for a video replay.
10:43 of 1st period - The goal is good.
10:43 of 1st period - Goal by Corban Knight - Demolitions : 1 - Carnivores : 1.
10:44 of 1st period - Michael Latta wins face-off versus Anton Gustafsson in neutral zone.
10:53 of 1st period - Snap shot by Blake Geoffrion.
10:53 of 1st period - Shot Misses the Net.
10:55 of 1st period - Wrist shot by Anton Gustafsson.
10:55 of 1st period - Stopped by Karri Ramo without a rebound.
10:56 of 1st period - Anton Gustafsson wins face-off versus Erik Cole in Demolitions zone.
10:57 of 1st period - Wrist shot by Blake Geoffrion.
10:57 of 1st period - Shot Misses the Net.
10:59 of 1st period - Slapshot by Jeremy Williams.
10:59 of 1st period - Stopped by Karri Ramo with a rebound.
11:01 of 1st period - Wrist shot by Jeremy Williams.
11:01 of 1st period - Carnivores goal is going for a video replay.
11:01 of 1st period - The goal is good.
11:01 of 1st period - Goal by Jeremy Williams - Demolitions : 1 - Carnivores : 2.
11:02 of 1st period - Anton Gustafsson wins face-off versus Michael Latta in neutral zone.
11:07 of 1st period - Wrist shot by Anton Gustafsson.
11:07 of 1st period - Stopped by Karri Ramo with a rebound.
11:09 of 1st period - Slapshot by Nate Schmidt.
11:09 of 1st period - Stopped by Karri Ramo without a rebound.
11:10 of 1st period - Anton Gustafsson wins face-off versus Michael Latta in Demolitions zone.
11:13 of 1st period - Slapshot by Blake Geoffrion.
11:13 of 1st period - Deflect By Jeremy Williams.
11:13 of 1st period - Shot Misses the Net.
11:13 of 1st period - Puck is out of play.
11:14 of 1st period - Michael Latta wins face-off versus Anton Gustafsson in Demolitions zone.
11:29 of 1st period - Backhand shot by Michael Latta.
11:29 of 1st period - Shot Blocked by Nate Schmidt.
12:04 of 1st period - Snap shot by Dennis Everberg.
12:04 of 1st period - Stopped by Antti Raanta with a rebound.
12:24 of 1st period - Wrist shot by Andrej Nestrasil.
12:24 of 1st period - Stopped by Antti Raanta with a rebound.
12:38 of 1st period - Erik Cole is hit by Jeremy Welsh and loses puck.
12:44 of 1st period - Icing by Erik Cole.
12:45 of 1st period - Michael Latta wins face-off versus Anton Gustafsson in Demolitions zone.
12:50 of 1st period - Nate Schmidt is hit by Erik Cole and loses puck.
12:57 of 1st period - Snap shot by Erik Cole.
12:57 of 1st period - Shot Misses the Net.
12:59 of 1st period - Slapshot by Seth Helgeson.
12:59 of 1st period - Stopped by Antti Raanta without a rebound.
13:00 of 1st period - Michael Latta wins face-off versus Zack Smith in Carnivores zone.
13:08 of 1st period - Icing by Nate Schmidt.
13:09 of 1st period - Michael Latta wins face-off versus Zack Smith in Carnivores zone.
13:30 of 1st period - Slapshot by Jeremy Welsh.
13:30 of 1st period - Stopped by Karri Ramo without a rebound.
13:31 of 1st period - Anton Gustafsson wins face-off versus Corban Knight in Demolitions zone.
13:44 of 1st period - Anton Gustafsson is hit by Corban Knight and loses puck.
13:57 of 1st period - Erik Cole is hit by David Schlemko and loses puck.
14:02 of 1st period - Snap shot by Markus Granlund.
14:02 of 1st period - Shot Blocked by Spencer Machacek.
14:08 of 1st period - Wrist shot by Markus Granlund.
14:08 of 1st period - Stopped by Karri Ramo without a rebound.
14:09 of 1st period - Corban Knight wins face-off versus Anton Gustafsson in Demolitions zone.
14:16 of 1st period - Snap shot by Jeremy Williams.
14:16 of 1st period - Shot Blocked by Seth Helgeson.
14:41 of 1st period - Jeremy Welsh is hit by Spencer Machacek and loses puck.
15:34 of 1st period - Icing by Michael Latta.
15:35 of 1st period - Michael Latta wins face-off versus Zack Smith in Demolitions zone.
15:48 of 1st period - Wrist shot by Spencer Machacek.
15:48 of 1st period - Goal by Spencer Machacek - Demolitions : 2 - Carnivores : 2.
15:49 of 1st period - Anton Gustafsson wins face-off versus Michael Latta in neutral zone.
15:51 of 1st period - Off-side.
15:52 of 1st period - Jeremy Williams wins face-off versus Michael Latta in neutral zone.
16:27 of 1st period - Wrist shot by Spencer Machacek.
16:27 of 1st period - Stopped by Antti Raanta without a rebound.
16:28 of 1st period - Anton Gustafsson wins face-off versus Corban Knight in Carnivores zone.
16:41 of 1st period - Slapshot by Dennis Everberg.
16:41 of 1st period - Shot Blocked by Jeremy Williams.
17:16 of 1st period - Snap shot by Phil McRae.
17:16 of 1st period - Shot Blocked by Nicolas Kerdiles.
17:36 of 1st period - Slapshot by Seth Helgeson.
17:36 of 1st period - Shot Blocked by Nate Schmidt.
18:09 of 1st period - Slapshot by Dmitri Orlov.
18:09 of 1st period - Stopped by Antti Raanta without a rebound.
18:10 of 1st period - Zack Smith wins face-off versus Aaron Palushaj in Carnivores zone.
18:56 of 1st period - Wrist shot by Blake Geoffrion.
18:56 of 1st period - Stopped by Karri Ramo with a rebound.
18:58 of 1st period - Backhand shot by Blake Geoffrion.
18:58 of 1st period - Goal by Blake Geoffrion - Demolitions : 2 - Carnivores : 3.
18:59 of 1st period - Anton Gustafsson wins face-off versus Michael Latta in neutral zone.
19:24 of 1st period - Mat Clark is hit by Corban Knight and loses puck.
Goals for this period are 2 for Demolitions vs 3 for Carnivores.
Shots for this period are 13 for Demolitions vs 12 for Carnivores.
2nd period
0:01 of 2nd period - Anton Gustafsson wins face-off versus Michael Latta in neutral zone.
0:12 of 2nd period - Snap shot by Jeremy Williams.
0:12 of 2nd period - Shot Misses the Net.
0:54 of 2nd period - Wrist shot by Aaron Palushaj.
0:54 of 2nd period - Stopped by Antti Raanta without a rebound.
0:55 of 2nd period - Anton Gustafsson wins face-off versus Michael Latta in Carnivores zone.
1:10 of 2nd period - Jeremy Williams is hit by Erik Cole.
1:20 of 2nd period - Cameron Schilling is hit by Mark McNeill and loses puck.
1:31 of 2nd period - Wrist shot by Mark McNeill.
1:31 of 2nd period - Deflect By Jeremy Welsh.
1:31 of 2nd period - Shot Misses the Net.
1:31 of 2nd period - Puck is out of play.
1:32 of 2nd period - Frederik Gauthier wins face-off versus Michael Latta in Demolitions zone.
1:41 of 2nd period - Slapshot by Nate Schmidt.
1:41 of 2nd period - Shot Blocked by Seth Helgeson.
1:43 of 2nd period - Slapshot by Blake Geoffrion.
1:43 of 2nd period - Goal by Blake Geoffrion - Demolitions : 2 - Carnivores : 4.
1:43 of 2nd period - Connor Hellebyuk enters game.
1:44 of 2nd period - Michael Latta wins face-off versus Anton Gustafsson in neutral zone.
1:57 of 2nd period - Snap shot by Spencer Machacek.
1:57 of 2nd period - Stopped by Antti Raanta without a rebound.
1:58 of 2nd period - Jeremy Williams wins face-off versus Michael Latta in Carnivores zone.
2:09 of 2nd period - Snap shot by Blake Geoffrion.
2:09 of 2nd period - Stopped by Connor Hellebyuk with a rebound.
2:11 of 2nd period - Snap shot by Blake Geoffrion.
2:11 of 2nd period - Shot Misses the Net.
2:13 of 2nd period - Wrist shot by Jeremy Williams.
2:13 of 2nd period - Shot Misses the Net.
2:30 of 2nd period - Snap shot by Zack Smith.
2:30 of 2nd period - Deflect By Mark McNeill.
2:30 of 2nd period - Stopped by Connor Hellebyuk with a rebound.
2:32 of 2nd period - Slapshot by Sasha Pokulok.
2:32 of 2nd period - Stopped by Connor Hellebyuk with a rebound.
2:44 of 2nd period - Snap shot by Dennis Everberg.
2:44 of 2nd period - Stopped by Antti Raanta with a rebound.
3:05 of 2nd period - Off-side.
3:06 of 2nd period - Anton Gustafsson wins face-off versus Andrej Nestrasil in neutral zone.
3:19 of 2nd period - Wrist shot by Andrej Nestrasil.
3:19 of 2nd period - Shot Misses the Net.
3:33 of 2nd period - Dmitri Orlov is hit by Mat Clark and loses puck.
4:00 of 2nd period - Snap shot by Dennis Everberg.
4:00 of 2nd period - Stopped by Antti Raanta with a rebound.
4:03 of 2nd period - Icing by Markus Granlund.
4:04 of 2nd period - Markus Granlund wins face-off versus Michael Latta in Carnivores zone.
4:04 of 2nd period - Markus Granlund is hit by Seth Helgeson.
4:10 of 2nd period - Wrist shot by Markus Granlund.
4:10 of 2nd period - Shot Blocked by Seth Helgeson.
4:12 of 2nd period - Snap shot by Nicolas Kerdiles.
4:12 of 2nd period - Stopped by Connor Hellebyuk without a rebound.
4:13 of 2nd period - Michael Latta wins face-off versus Anton Gustafsson in Demolitions zone.
4:23 of 2nd period - Off-side.
4:24 of 2nd period - Anton Gustafsson wins face-off versus Michael Latta in neutral zone.
4:37 of 2nd period - Jonathan Blum is hit by Blake Geoffrion and loses puck.
4:58 of 2nd period - Snap shot by Zack Smith.
4:58 of 2nd period - Deflect By Mark McNeill.
4:58 of 2nd period - Shot Misses the Net.
4:58 of 2nd period - Puck is out of play.
4:59 of 2nd period - Michael Latta wins face-off versus Frederik Gauthier in Demolitions zone.
5:04 of 2nd period - Frederik Gauthier is hit by Derek Forbort and loses puck.
5:15 of 2nd period - Snap shot by Blake Geoffrion.
5:15 of 2nd period - Stopped by Connor Hellebyuk with a rebound.
5:47 of 2nd period - Adam Almquist is hit by Dennis Everberg and loses puck.
5:56 of 2nd period - Slapshot by Nate Schmidt.
5:56 of 2nd period - Shot Blocked by Brandon McMillan.
6:10 of 2nd period - Snap shot by Jeremy Williams.
6:10 of 2nd period - Shot Misses the Net.
6:34 of 2nd period - Cameron Schilling is hit by Nate Schmidt and loses puck.
7:05 of 2nd period - Snap shot by Jeremy Williams.
7:05 of 2nd period - Shot Blocked by Derek Forbort.
7:26 of 2nd period - David Schlemko is hit by Joel Vermin and loses puck.
8:58 of 2nd period - Snap shot by Billy Sweat.
8:58 of 2nd period - Shot Blocked by Jeremy Williams.
9:00 of 2nd period - Snap shot by Aaron Palushaj.
9:00 of 2nd period - Stopped by Antti Raanta without a rebound.
9:01 of 2nd period - Zack Smith wins face-off versus Phil McRae in Carnivores zone.
9:36 of 2nd period - Wrist shot by Zack Smith.
9:36 of 2nd period - Stopped by Connor Hellebyuk without a rebound.
9:37 of 2nd period - Michael Latta wins face-off versus Anton Gustafsson in Demolitions zone.
10:12 of 2nd period - Slapshot by Nicolas Kerdiles.
10:12 of 2nd period - Stopped by Connor Hellebyuk without a rebound.
10:13 of 2nd period - Markus Granlund wins face-off versus Corban Knight in Demolitions zone.
10:18 of 2nd period - Snap shot by Markus Granlund.
10:18 of 2nd period - Shot Misses the Net.
10:20 of 2nd period - Snap shot by Nicolas Kerdiles.
10:20 of 2nd period - Shot Misses the Net.
10:28 of 2nd period - Snap shot by Corban Knight.
10:28 of 2nd period - Shot Misses the Net.
11:00 of 2nd period - Snap shot by Zack Smith.
11:00 of 2nd period - Stopped by Connor Hellebyuk without a rebound.
11:01 of 2nd period - Zack Smith wins face-off versus Andrej Nestrasil in Demolitions zone.
11:02 of 2nd period - Slapshot by Mark McNeill.
11:02 of 2nd period - Shot Misses the Net.
11:28 of 2nd period - Wrist shot by Spencer Machacek.
11:28 of 2nd period - Deflect By Michael Latta.
11:28 of 2nd period - Shot Misses the Net.
11:28 of 2nd period - Puck is out of play.
11:29 of 2nd period - Anton Gustafsson wins face-off versus Michael Latta in Carnivores zone.
11:48 of 2nd period - Snap shot by Spencer Machacek.
11:48 of 2nd period - Shot Misses the Net.
11:50 of 2nd period - Slapshot by Cameron Schilling.
11:50 of 2nd period - Shot Misses the Net.
12:23 of 2nd period - Sasha Pokulok is hit by Jonathan Blum and loses puck.
12:36 of 2nd period - Snap shot by Anton Gustafsson.
12:36 of 2nd period - Deflect By Blake Geoffrion.
12:36 of 2nd period - Stopped by Connor Hellebyuk with a rebound.
12:38 of 2nd period - Snap shot by Blake Geoffrion.
12:38 of 2nd period - Shot Hit the Post.
12:40 of 2nd period - Slapshot by Josh Manson.
12:40 of 2nd period - Deflect By Blake Geoffrion.
12:40 of 2nd period - Shot Blocked by Derek Forbort.
12:40 of 2nd period - Puck is out of play.
12:41 of 2nd period - Zack Smith wins face-off versus Corban Knight in Demolitions zone.
12:44 of 2nd period - Wrist shot by Jeremy Welsh.
12:44 of 2nd period - Deflect By Zack Smith.
12:44 of 2nd period - Stopped by Connor Hellebyuk without a rebound.
12:45 of 2nd period - Zack Smith wins face-off versus Corban Knight in Demolitions zone.
12:54 of 2nd period - Snap shot by Jeremy Welsh.
12:54 of 2nd period - Stopped by Connor Hellebyuk with a rebound.
13:42 of 2nd period - Billy Sweat is hit by Nate Schmidt and loses puck.
14:43 of 2nd period - Josh Manson is hit by Aaron Palushaj and loses puck.
15:19 of 2nd period - Anton Gustafsson is hit by Seth Helgeson and loses puck.
15:29 of 2nd period - Icing by Jonathan Blum.
15:30 of 2nd period - Andrej Nestrasil wins face-off versus Hunter Shinkaruk in Demolitions zone.
15:55 of 2nd period - Slapshot by Jonathan Blum.
15:55 of 2nd period - Deflect By Corban Knight.
15:55 of 2nd period - Stopped by Antti Raanta without a rebound.
15:56 of 2nd period - Zack Smith wins face-off versus Dennis Everberg in Carnivores zone.
16:01 of 2nd period - Slapshot by Sasha Pokulok.
16:01 of 2nd period - Shot Misses the Net.
16:23 of 2nd period - Josh Manson is hit by Erik Cole.
16:45 of 2nd period - Wrist shot by Alex Hutchings.
16:45 of 2nd period - Shot Blocked by Markus Granlund.
16:47 of 2nd period - Wrist shot by Joel Vermin.
16:47 of 2nd period - Stopped by Antti Raanta with a rebound.
16:49 of 2nd period - Slapshot by Jonathan Blum.
16:49 of 2nd period - Shot Misses the Net.
16:51 of 2nd period - Wrist shot by Joel Vermin.
16:51 of 2nd period - Goal by Joel Vermin - Demolitions : 3 - Carnivores : 4.
16:52 of 2nd period - Anton Gustafsson wins face-off versus Michael Latta in neutral zone.
16:59 of 2nd period - Wrist shot by Blake Geoffrion.
16:59 of 2nd period - Stopped by Connor Hellebyuk without a rebound.
17:00 of 2nd period - Michael Latta wins face-off versus Anton Gustafsson in Demolitions zone.
17:11 of 2nd period - Snap shot by Spencer Machacek.
17:11 of 2nd period - Shot Blocked by Nate Schmidt.
17:13 of 2nd period - Snap shot by Erik Cole.
17:13 of 2nd period - Goal by Erik Cole - Demolitions : 4 - Carnivores : 4.
17:14 of 2nd period - Michael Latta wins face-off versus Anton Gustafsson in neutral zone.
17:41 of 2nd period - Dennis Everberg is hit by Jeremy Welsh and loses puck.
18:25 of 2nd period - Snap shot by Phil McRae.
18:25 of 2nd period - Stopped by Antti Raanta with a rebound.
18:27 of 2nd period - Backhand shot by Dmitri Orlov.
18:27 of 2nd period - Deflect By Phil McRae.
18:27 of 2nd period - Shot Misses the Net.
18:27 of 2nd period - Puck is out of play.
18:28 of 2nd period - Frederik Gauthier wins face-off versus Phil McRae in Carnivores zone.
18:33 of 2nd period - Snap shot by Mat Clark.
18:33 of 2nd period - Shot Misses the Net.
18:35 of 2nd period - Wrist shot by Blake Geoffrion.
18:35 of 2nd period - Stopped by Connor Hellebyuk without a rebound.
18:36 of 2nd period - Michael Latta wins face-off versus Anton Gustafsson in Demolitions zone.
18:55 of 2nd period - Dmitri Orlov is hit by Anton Gustafsson and loses puck.
19:08 of 2nd period - Snap shot by Michael Latta.
19:08 of 2nd period - Deflect By Jeremy Williams.
19:08 of 2nd period - Stopped by Antti Raanta without a rebound.
19:09 of 2nd period - Corban Knight wins face-off versus Mark McNeill in Carnivores zone.
19:41 of 2nd period - Slapshot by Nicolas Kerdiles.
19:41 of 2nd period - Deflect By Mark MacMillan.
19:41 of 2nd period - Stopped by Connor Hellebyuk with a rebound.
19:45 of 2nd period - Wrist shot by Markus Granlund.
19:45 of 2nd period - Deflect By Mark MacMillan.
19:45 of 2nd period - Shot Blocked by Taylor Aronson.
19:45 of 2nd period - Puck is out of play.
19:46 of 2nd period - Anton Gustafsson wins face-off versus Michael Latta in Demolitions zone.
Goals for this period are 2 for Demolitions vs 1 for Carnivores.
Shots for this period are 11 for Demolitions vs 15 for Carnivores.
3rd period
0:01 of 3rd period - Anton Gustafsson wins face-off versus Michael Latta in neutral zone.
0:17 of 3rd period - Icing by Erik Cole.
0:18 of 3rd period - Zack Smith wins face-off versus Michael Latta in Demolitions zone.
0:25 of 3rd period - Slapshot by Nate Schmidt.
0:25 of 3rd period - Stopped by Connor Hellebyuk with a rebound.
0:33 of 3rd period - Snap shot by Zack Smith.
0:33 of 3rd period - Stopped by Connor Hellebyuk with a rebound.
0:49 of 3rd period - Erik Cole is hit by Anton Gustafsson.
1:11 of 3rd period - Slapshot by Jonathan Blum.
1:11 of 3rd period - Stopped by Antti Raanta with a rebound.
1:13 of 3rd period - Wrist shot by Seth Helgeson.
1:13 of 3rd period - Shot Misses the Net.
1:29 of 3rd period - Snap shot by Zack Smith.
1:29 of 3rd period - Shot Misses the Net.
1:31 of 3rd period - Snap shot by Mark McNeill.
1:31 of 3rd period - Goal by Mark McNeill - Demolitions : 4 - Carnivores : 5.
1:32 of 3rd period - Corban Knight wins face-off versus Anton Gustafsson in neutral zone.
1:35 of 3rd period - Wrist shot by Cameron Schilling.
1:35 of 3rd period - Shot Blocked by Nate Schmidt.
1:57 of 3rd period - Erik Cole is hit by Zack Smith and loses puck.
2:24 of 3rd period - Phil McRae is hit by Mark MacMillan and loses puck.
2:41 of 3rd period - Snap shot by Andrej Nestrasil.
2:41 of 3rd period - Deflect By Joel Vermin.
2:41 of 3rd period - Stopped by Antti Raanta without a rebound.
2:42 of 3rd period - Spencer Machacek wins face-off versus Jeremy Welsh in Carnivores zone.
2:55 of 3rd period - Wrist shot by Spencer Machacek.
2:55 of 3rd period - Shot Blocked by Jeremy Welsh.
2:57 of 3rd period - Slapshot by Jonathan Blum.
2:57 of 3rd period - Deflect By Michael Latta.
2:57 of 3rd period - Shot Misses the Net.
2:57 of 3rd period - Puck is out of play.
2:58 of 3rd period - Anton Gustafsson wins face-off versus Michael Latta in Carnivores zone.
2:58 of 3rd period - Anton Gustafsson is hit by Erik Cole.
3:10 of 3rd period - Slapshot by Nate Schmidt.
3:10 of 3rd period - Stopped by Connor Hellebyuk without a rebound.
3:11 of 3rd period - Michael Latta wins face-off versus Anton Gustafsson in Demolitions zone.
4:05 of 3rd period - Slapshot by Erik Cole.
4:05 of 3rd period - Stopped by Antti Raanta without a rebound.
4:06 of 3rd period - Anton Gustafsson wins face-off versus Corban Knight in Carnivores zone.
4:25 of 3rd period - Minor Penalty to Jeremy Williams for Hooking.
4:26 of 3rd period - Anton Gustafsson wins face-off versus Corban Knight in Carnivores zone.
6:25 of 3rd period - Penalty to Jeremy Williams is over, Jeremy Williams is back on ice.
6:30 of 3rd period - Slapshot by Zack Smith.
6:30 of 3rd period - Stopped by Connor Hellebyuk without a rebound.
6:31 of 3rd period - Nick Shore wins face-off versus Zack Smith in Demolitions zone.
6:36 of 3rd period - Nick Shore is hit by Zack Smith and loses puck.
6:57 of 3rd period - Markus Granlund is hit by Joel Vermin.
7:11 of 3rd period - Frederik Gauthier is hit by Brandon McMillan and loses puck.
8:40 of 3rd period - Blake Geoffrion is hit by Erik Cole and loses puck.
8:50 of 3rd period - Off-side.
8:51 of 3rd period - Andrej Nestrasil wins face-off versus Markus Granlund in neutral zone.
8:54 of 3rd period - Sasha Pokulok is hit by Alex Hutchings and loses puck.
8:59 of 3rd period - Snap shot by Andrej Nestrasil.
8:59 of 3rd period - Deflect By Alex Hutchings.
8:59 of 3rd period - Shot Misses the Net.
8:59 of 3rd period - Puck is out of play.
9:00 of 3rd period - Zack Smith wins face-off versus Michael Latta in Carnivores zone.
9:07 of 3rd period - Snap shot by Spencer Machacek.
9:07 of 3rd period - Shot Misses the Net.
9:09 of 3rd period - Slapshot by Erik Cole.
9:09 of 3rd period - Stopped by Antti Raanta with a rebound.
9:11 of 3rd period - Slapshot by Jonathan Blum.
9:11 of 3rd period - Stopped by Antti Raanta with a rebound.
9:13 of 3rd period - Slapshot by Jonathan Blum.
9:13 of 3rd period - Shot Misses the Net.
9:15 of 3rd period - Slapshot by Seth Helgeson.
9:15 of 3rd period - Stopped by Antti Raanta without a rebound.
9:16 of 3rd period - Michael Latta wins face-off versus Anton Gustafsson in Carnivores zone.
9:54 of 3rd period - Wrist shot by Jeremy Williams.
9:54 of 3rd period - Stopped by Connor Hellebyuk with a rebound.
10:06 of 3rd period - Dennis Everberg is hit by Jeremy Welsh.
10:25 of 3rd period - Josh Manson is hit by Spencer Machacek and loses puck.
10:48 of 3rd period - Slapshot by Blake Geoffrion.
10:48 of 3rd period - Deflect By Hunter Shinkaruk.
10:48 of 3rd period - Stopped by Connor Hellebyuk without a rebound.
10:49 of 3rd period - Michael Latta wins face-off versus Frederik Gauthier in Demolitions zone.
11:13 of 3rd period - Mat Clark is hit by Dennis Everberg and loses puck.
11:45 of 3rd period - Minor Penalty to Phil McRae for Hooking.
11:46 of 3rd period - Anton Gustafsson wins face-off versus Erik Cole in Demolitions zone.
11:59 of 3rd period - Wrist shot by Blake Geoffrion.
11:59 of 3rd period - Goal by Blake Geoffrion - Demolitions : 4 - Carnivores : 6.
12:00 of 3rd period - Anton Gustafsson wins face-off versus Michael Latta in neutral zone.
12:05 of 3rd period - Wrist shot by Jeremy Williams.
12:05 of 3rd period - Stopped by Connor Hellebyuk with a rebound.
12:11 of 3rd period - Backhand shot by Blake Geoffrion.
12:11 of 3rd period - Stopped by Connor Hellebyuk with a rebound.
12:13 of 3rd period - Snap shot by Nate Schmidt.
12:13 of 3rd period - Deflect By Blake Geoffrion.
12:13 of 3rd period - Shot Misses the Net.
12:13 of 3rd period - Puck is out of play.
12:14 of 3rd period - Michael Latta wins face-off versus Anton Gustafsson in Demolitions zone.
13:08 of 3rd period - Slapshot by Corban Knight.
13:08 of 3rd period - Deflect By Dennis Everberg.
13:08 of 3rd period - Stopped by Antti Raanta without a rebound.
13:09 of 3rd period - Corban Knight wins face-off versus Blake Geoffrion in Carnivores zone.
13:16 of 3rd period - Snap shot by Cameron Schilling.
13:16 of 3rd period - Goal by Cameron Schilling - Demolitions : 5 - Carnivores : 6.
13:17 of 3rd period - Anton Gustafsson wins face-off versus Michael Latta in neutral zone.
13:20 of 3rd period - Spencer Machacek is hit by Anton Gustafsson and loses puck.
13:33 of 3rd period - Erik Cole is hit by Blake Geoffrion and loses puck.
13:40 of 3rd period - Minor Penalty to Seth Helgeson for Roughing.
13:41 of 3rd period - Erik Cole wins face-off versus Anton Gustafsson in Demolitions zone.
13:54 of 3rd period - Erik Cole is hit by Nate Schmidt and loses puck.
14:32 of 3rd period - Backhand shot by Dmitri Orlov.
14:32 of 3rd period - Shot Misses the Net.
14:34 of 3rd period - Wrist shot by Alex Hutchings.
14:34 of 3rd period - Shot Misses the Net.
14:36 of 3rd period - Snap shot by Phil McRae.
14:36 of 3rd period - Stopped by Antti Raanta without a rebound.
14:37 of 3rd period - Phil McRae wins face-off versus Anton Gustafsson in Carnivores zone.
15:40 of 3rd period - Penalty to Seth Helgeson is over, Seth Helgeson is back on ice.
16:13 of 3rd period - Sasha Pokulok is hit by Erik Cole and loses puck.
17:02 of 3rd period - Slapshot by Jonathan Blum.
17:02 of 3rd period - Stopped by Antti Raanta without a rebound.
17:03 of 3rd period - Markus Granlund wins face-off versus Corban Knight in Carnivores zone.
17:03 of 3rd period - Markus Granlund is hit by Dennis Everberg.
17:56 of 3rd period - Wrist shot by Blake Geoffrion.
17:56 of 3rd period - Stopped by Connor Hellebyuk with a rebound.
18:03 of 3rd period - Icing by Cameron Schilling.
18:04 of 3rd period - Zack Smith wins face-off versus Corban Knight in Demolitions zone.
19:09 of 3rd period - Demolitions, Connor Hellebyuk is pulled from the net.
19:09 of 3rd period - Snap shot by Michael Latta.
19:09 of 3rd period - Shot Misses the Net.
19:37 of 3rd period - Blake Geoffrion is hit by Spencer Machacek and loses puck.
19:46 of 3rd period - Wrist shot by Spencer Machacek.
19:46 of 3rd period - Goal by Spencer Machacek - Demolitions : 6 - Carnivores : 6.
19:46 of 3rd period - Connor Hellebyuk from Demolitions was sent back in the game.
19:47 of 3rd period - Nick Shore wins face-off versus Anton Gustafsson in neutral zone.
Goals for this period are 2 for Demolitions vs 2 for Carnivores.
Shots for this period are 11 for Demolitions vs 11 for Carnivores.
Overtime #1
0:01 of 1st overtime period - Blake Geoffrion wins face-off versus Erik Cole in neutral zone.
1:18 of 1st overtime period - Snap shot by Phil McRae.
1:18 of 1st overtime period - Shot Misses the Net.
2:12 of 1st overtime period - Snap shot by Nick Shore.
2:12 of 1st overtime period - Shot Misses the Net.
2:36 of 1st overtime period - Derek Forbort is hit by Mat Clark.
4:42 of 1st overtime period - Sasha Pokulok is hit by Taylor Aronson and loses puck.
Goals for this period are 0 for Demolitions vs 0 for Carnivores.
Shots for this period are 0 for Demolitions vs 0 for Carnivores.
ShootOut
5:00 of 1st overtime period - Round #1.
5:00 of 1st overtime period - Demolitions, Erik Cole.
5:00 of 1st overtime period - Wrist shot by Erik Cole.
5:00 of 1st overtime period - Stopped by Antti Raanta.
5:00 of 1st overtime period - Carnivores, Blake Geoffrion.
5:00 of 1st overtime period - Wrist shot by Blake Geoffrion.
5:00 of 1st overtime period - Goal by Blake Geoffrion.
5:00 of 1st overtime period - Round #2.
5:00 of 1st overtime period - Demolitions, Spencer Machacek.
5:00 of 1st overtime period - Snap shot by Spencer Machacek.
5:00 of 1st overtime period - Stopped by Antti Raanta.
5:00 of 1st overtime period - Carnivores, Anton Gustafsson.
5:00 of 1st overtime period - Wrist shot by Anton Gustafsson.
5:00 of 1st overtime period - Stopped by Connor Hellebyuk.
5:00 of 1st overtime period - Round #3.
5:00 of 1st overtime period - Demolitions, Michael Latta.
5:00 of 1st overtime period - Backhand shot by Michael Latta.
5:00 of 1st overtime period - Shot Misses the Net.
Back to the Top